 Dungeon Crawl Stone Soup version 0.26-a0-642-g67e99244d3 (webtiles) character file.

Game seed: 5929653843711804783

10581 DogServant the Geomancer (level 11, -1/64 HPs)
             Began as a Gargoyle Earth Elementalist on Sept 20, 2020.
             Was a Priest of Vehumet.
             Shot with an arrow by Nessos (2 damage)
             ... on level 12 of the Dungeon on Sept 21, 2020.
             The game lasted 00:41:01 (15490 turns).

DogServant the Geomancer (GrEE)                    Turns: 15490, Time: 00:41:01

Health: -1/64      AC: 17    Str: 16    XL:     11   Next: 64%
Magic:  3/23       EV: 12    Int: 20    God:    Vehumet [***...]
Gold:   707        SH:  0    Dex: 10    Spells: 8/26 levels left

rFire    + . .     SeeInvis .   I - +6 morningstar of Valuable Assets {speed, *Drain Str+5}
rCold    . . .     Faith    .   (no shield)
rNeg     + + .     Spirit   .   l - +2 robe {rF+}
rPois    ∞         Reflect  .   a - +2 hat
rElec    +         Harm     .   (no cloak)
rCorr    .         Rampage  .   y - +1 pair of gloves
MR       .....                  J - +0 pair of boots
Stlth    ++........             (no amulet)
HPRegen  0.20/turn              i - ring of positive energy
MPRegen  0.18/turn              b - ring of poison resistance

@: no status effects
A: negative energy resistance 1, electricity resistance, unbreathing,
petrification resistance, rot immunity, AC +8
a: Renounce Religion


You were on level 12 of the Dungeon.
You worshipped Vehumet.
Vehumet was most pleased with you.
You visited 2 branches of the dungeon, and saw 13 of its levels.

You collected 707 gold pieces.

Inventory:

Hand Weapons
 I - the +6 morningstar of Valuable Assets (weapon) {speed, *Drain Str+5}
   (You found it on level 9 of the Dungeon)

   Attacks with this weapon are significantly faster.
   It affects your strength (+5).
   It causes draining when unequipped.
Missiles
 u - 39 stones (quivered)
Armour
 a - a +2 hat (worn)
 j - a +2 robe of positive energy
 l - a +2 robe of fire resistance (worn)
 y - a +1 pair of gloves (worn)
 J - a +0 pair of boots (worn)
Jewellery
 b - a ring of poison resistance (right hand)
 i - a ring of positive energy (left hand)
Wands
 C - a wand of acid (9)
 F - a wand of iceblast (19)
 K - a wand of polymorph (9)
Scrolls
 c - a scroll of magic mapping
 e - a scroll of random uselessness {unknown}
 f - 4 scrolls of remove curse
 o - a scroll of enchant armour
 q - 4 scrolls of identify
 r - a scroll of blinking {unknown}
 t - a scroll of fog
 x - 2 scrolls of teleportation
 D - 2 scrolls of enchant weapon
 E - a scroll of holy word
Potions
 d - a potion of brilliance
 g - a potion of stabbing
 h - 3 potions of cancellation
 k - a potion of magic
 m - 2 potions of lignification
 n - 3 potions of heal wounds {unknown}
 p - 2 potions of mutation
 s - 2 potions of haste {unknown}
 w - 3 potions of curing
 z - 2 potions of might {unknown}
 B - 2 potions of flight {unknown}
 G - a potion of ambrosia {unknown}


   Skills:
 + Level 5.3 Fighting
   Level 1.1 Short Blades
 - Level 2.0 Maces & Flails
 - Level 1.0 Armour
 - Level 2.0 Dodging
 - Level 3.0 Stealth
 - Level 8.0 Spellcasting
 - Level 9.1 Conjurations
 - Level 7.0 Transmutations
 + Level 2.0 Ice Magic
 - Level 10.7 Earth Magic


You had 8 spell levels left.
You knew the following spells:

 Your Spells              Type           Power        Failure   Level
a - Sandblast             Erth           ######       1%          1
b - Stone Arrow           Conj/Erth      #####.       1%          3
c - Petrify               Tmut/Erth      #####...     2%          4
d - Lee's Rapid Deconstr  Erth           ######....   1%          5
e - Searing Ray           Conj           #####.       1%          2
f - Frozen Ramparts       Ice            ###...       3%          3

Your spell library contained the following spells:

 Spells                   Type           Power        Failure   Level
 Dazzling Flash           Conj/Hex       ####..       1%          3
 Freeze                   Ice            ###.         1%          1
 Sting                    Tmut/Pois      ###.         1%          1
 Passwall                 Tmut/Erth      #####...     1%          2
 Ignite Poison            Fire/Tmut/Pois ###.....     2%          3
 Mephitic Cloud           Conj/Pois/Air  ###.....     2%          3
 Hailstorm                Conj/Ice       ####....     2%          4
 Ozocubu's Armour         Ice            ###.....     11%         3
 Poisonous Vapours        Pois/Air       #.....       13%         2
 Olgreb's Toxic Radiance  Pois           #.......     21%         4
 Summon Ice Beast         Ice/Summ       ##......     50%         4


Dungeon Overview and Level Annotations

Branches:
Dungeon (12/15)            Temple (1/1) D:4            Lair (0/6) D:11
    Orc (0/2) D:9

Altars:
Ashenzari
Cheibriados
Dithmenos
Elyvilon
Fedhas
Gozag
Hepliaklqana
Kikubaaqudgha
Makhleb
Nemelex Xobeh
Okawaru
Qazlal
Ru
Sif Muna
Trog
Uskayaw
Vehumet
Wu Jian
Xom
Yredelemnul
Zin
The Shining One

Shops:
D:8 =

Annotations:
D:6 1 runed translucent door
D:12 Nessos


Innate Abilities, Weirdness & Mutations

You are resistant to torment.
Your stone body is resilient. (AC +8)
You are immune to poison.
You resist negative energy. (rN+)
You are resistant to electric shocks. (rElec)
You can survive without breathing.
You are immune to petrification.
You are immune to rotting.


Message History

Aim: Nessos, wielding a +3 longbow of flaming, wearing a +1 ring mail of magic resistance and quivering 13 arrows (severely wounded, fast)
The stone arrow misses Nessos.
Nessos shoots an arrow.
The arrow hits you!
Nessos shoots an arrow.
The arrow hits you. The arrow burns you.
Unknown command.
Casting: Stone Arrow (safe; 1% risk of failure)
Confirm with . or Enter, or press ? or * to list all spells.
Aiming: Stone Arrow (safe; 1% risk of failure)
Press: ? - help, Shift-Dir - straight line, f/p - Nessos
Aim: Nessos, wielding a +3 longbow of flaming, wearing a +1 ring mail of magic resistance and quivering 11 arrows (severely wounded, fast)
The stone arrow hits Nessos!!
Nessos is almost dead.
Nessos shoots an arrow.
The arrow hits you!!
* * * LOW HITPOINT WARNING * * *
The arrow burns you.
* * * LOW HITPOINT WARNING * * *
Okay, then.
You feel better.
Nessos shoots an arrow.
The arrow hits you!
* * * LOW HITPOINT WARNING * * *
The arrow burns you.
You die...

...............#..#
......#######..#..#
###...#.)...'..#..##++#
..#...#.....#..#.......
..#.).#.....#c.#.......
>.#.†.#######..#...#
..#..........c.(...# .
..#...........(#+###....
'##.............@.......
.[...########...........
#'####... #(..........
......... +...!.......
......... #..#########
.<....... #..# .........
#..# ########+ ... .


You could see Nessos (fast).

Vanquished Creatures
  A two-headed ogre (D:10)
  Pikel (D:9)
  A deep elf mage (D:10)
  2 ugly things
  A centaur zombie (D:12)
  A guardian serpent (D:11)
  3 trolls
  A hornet (D:12)
  11 yaks
  2 wraiths
  A soldier ant (D:12)
  3 porcupines (D:11)
  A black bear (D:11)
  2 sky beasts
  2 necrophages (D:10)
  2 ice beasts
  3 phantoms
  An eye of draining (D:10)
  5 orc warriors
  An ogre (D:4)
  5 centaurs
  A crocodile (D:9)
  2 lemures (D:9)
  A big kobold (D:6)
  6 bullfrogs
  4 scorpions
  3 killer bees (D:10)
  10 wights
  2 howler monkeys
  A bullfrog zombie (D:11)
  5 hounds
  A quasit (D:8)
  A jelly (D:11)
  A centaur skeleton (D:4)
  4 orc priests
  2 bullfrog skeletons
  Jessica (D:2)
  2 iguanas
  13 orc wizards
  5 worker ants
  2 worker ant zombies
  4 gnolls (D:5)
  8 adders
  2 shadow imps
  4 white imps
  2 ufetubi
  4 worms
  2 adder skeletons
  3 dart slugs
  8 leopard geckos
  39 orcs
  8 bats
  3 giant cockroaches
  8 hobgoblins
  13 jackals
  13 kobolds
  A quokka (D:5)
  4 ball pythons
  8 frilled lizards
  A giant cockroach zombie (D:5)
  12 goblins
  A leopard gecko skeleton (D:3)
  10 rats
275 creatures vanquished.

Vanquished Creatures (others)
  34 fungi (D:11)
  39 plants
73 creatures vanquished.

Grand Total: 348 creatures vanquished

Notes
Turn   | Place    | Note
-------+----------+-------------------------------------------
     0 | D:1      | DogServant the Gargoyle Earth Elementalist began the quest
                  | for the Orb.
     0 | D:1      | Reached XP level 1. HP: 10/10 MP: 3/3
   270 | D:1      | Reached XP level 2. HP: 15/15 MP: 3/5
   326 | D:1      | Reached skill level 4 in Earth Magic
   588 | D:1      | Reached XP level 3. HP: 19/19 MP: 6/6
  1161 | D:2      | Noticed Jessica
  1182 | D:2      | Killed Jessica
  1182 | D:2      | Reached skill level 1 in Short Blades
  1182 | D:2      | Reached XP level 4. HP: 24/24 MP: 4/7
  1187 | D:2      | Learned a level 3 spell: Stone Arrow
  1501 | D:2      | Reached skill level 1 in Fighting
  1695 | D:2      | Found a shimmering altar of Xom.
  1697 | D:2      | Found an ornate altar of the Wu Jian Council.
  1876 | D:3      | Learned a level 4 spell: Petrify
  2061 | D:3      | Reached XP level 5. HP: 29/29 MP: 7/9
  2353 | D:3      | Reached skill level 5 in Earth Magic
  2595 | D:3      | Reached skill level 1 in Transmutations
  3216 | D:3      | Reached XP level 6. HP: 33/35 MP: 6/10
  3367 | D:4      | Reached skill level 1 in Armour
  3367 | D:4      | Reached skill level 1 in Conjurations
  3567 | D:4      | Found a staircase to the Ecumenical Temple.
  3693 | Temple   | Entered the Ecumenical Temple
  3710 | Temple   | Became a worshipper of Vehumet
  3935 | D:5      | Entered Level 5 of the Dungeon
  3935 | D:5      | Noticed a sky beast
  3939 | D:5      | Killed a sky beast
  3939 | D:5      | Reached XP level 7. HP: 34/40 MP: 7/12
  4131 | D:5      | Found a glowing silver altar of Zin.
  4500 | D:5      | Reached skill level 6 in Earth Magic
  5254 | D:6      | Reached XP level 8. HP: 29/46 MP: 9/14
  5871 | D:6      | Reached * piety under Vehumet
  5871 | D:6      | Offered knowledge of Freeze by Vehumet.
  6088 | D:6      | Learned a level 5 spell: Lee's Rapid Deconstruction
  6318 | D:6      | Found a glowing golden altar of the Shining One.
  6318 | D:6      | Noticed an angel
  6319 | D:6      | Found a runed translucent door.
  7237 | D:7      | Reached skill level 7 in Earth Magic
  7574 | D:7      | Reached skill level 5 in Spellcasting
  7713 | D:7      | Reached XP level 9. HP: 52/52 MP: 4/16
  7718 | D:7      | Noticed a red ugly thing
  7900 | D:8      | Reached skill level 5 in Conjurations
  8105 | D:8      | Found Zerumimi's Jewellery Shoppe.
  8192 | D:8      | Found a burning altar of Makhleb.
  8870 | D:8      | Found a glowing golden altar of the Shining One.
  8870 | D:8      | Found a stormy altar of Qazlal.
  9086 | D:8      | Reached skill level 8 in Earth Magic
  9378 | D:9      | Found a staircase to the Orcish Mines.
  9380 | D:9      | Got a shimmering morningstar
  9381 | D:9      | Identified the +6 morningstar of Valuable Assets {speed,
                  | *Drain Str+5} (You found it on level 9 of the Dungeon)
  9514 | D:9      | Upgraded the game from 0.26-a0-639-g72c4674329 to
                  | 0.26-a0-642-g67e99244d3
  9705 | D:9      | Offered knowledge of Searing Ray by Vehumet.
  9713 | D:9      | Reached ** piety under Vehumet
  9721 | D:9      | Reached XP level 10. HP: 32/58 MP: 6/19
  9725 | D:9      | Reached skill level 5 in Transmutations
  9885 | D:9      | Reached skill level 9 in Earth Magic
 10255 | D:9      | Noticed Pikel
 10283 | D:9      | Killed Pikel
 10397 | D:9      | Found a hide-covered altar of Uskayaw.
 10659 | D:9      | Learned a level 2 spell: Searing Ray
 10663 | D:9      | Learned a level 3 spell: Frozen Ramparts
 10831 | D:10     | Entered Level 10 of the Dungeon
 11422 | D:10     | Noticed a two-headed ogre
 11568 | D:10     | Killed a two-headed ogre
 11968 | D:10     | Offered knowledge of Dazzling Flash by Vehumet.
 11983 | D:10     | Reached skill level 10 in Earth Magic
 12073 | D:10     | Noticed a green ugly thing
 12094 | D:10     | Killed a green ugly thing
 12389 | D:10     | Noticed a deep elf mage
 12708 | D:10     | Reached XP level 11. HP: 62/62 MP: 1/22
 12912 | D:10     | Killed a deep elf mage
 13516 | D:11     | Found a staircase to the Lair.
 14429 | D:12     | Reached *** piety under Vehumet
 14551 | D:12     | Reached skill level 1 in Maces & Flails
 14799 | D:12     | Noticed Nessos
 14850 | D:12     | Reached skill level 1 in Ice Magic
 14861 | D:12     | Reached skill level 5 in Fighting
 15042 | D:12     | Noticed a cyan ugly thing
 15066 | D:12     | Killed a cyan ugly thing
 15490 | D:12     | HP: 1/64 [Nessos/arrow (13)]
 15490 | D:12     | Shot with an arrow by Nessos

Illustrated notes

Levels and vault maps discovered:
D:1:      lemuel_arrival_tunnels, layout_basic, st_stairs_13,
          serial_bayou_crossing
D:2:      layout_rooms, chequers_temple_overflow_statue_of_worship,
          kennysheep_generic_room_14, uniq_jessica
D:3:      layout_loops_corners, nrook_uturn, minmay_randomly_rotated_circles
D:4:      layout_rooms, temple_hall
D:5:      layout_basic, lemuel_doored_altar, chequers_serial_rivers_marsh,
          grunt_decor_resistance, serial_bayou_pond_c
D:6:      cheibrodos_thug_alley, layout_loops_ring, lemuel_angel_altar
D:7:      layout_basic
D:8:      layout_loops_corners, old_standard_altar,
          gammafunk_temple_overflow_elements, serial_shops, shop
D:9:      layout_basic, nicolae_overflow_hidden_temple, orc_0_dummy, uniq_pikel
D:10:     layout_gridville
D:11:     layout_roguey, due_lair_maze_entry_diamond,
          nrook_guardian_serpent_double
D:12:     layout_irregular_city, uniq_nessos
Temple:   nicolae_temple_no_exploring_needed

Skill      XL: |  1  2  3  4  5  6  7  8  9 10 11 |
---------------+----------------------------------+-----
Earth Magic    | 4 5 6 7 8 10 | 10.7
Short Blades   | 1 |  1.1
Dodging        | 2 |  2.0
Fighting       | 1 2 3 4 5 |  5.3
Stealth        | 3 |  3.0
Spellcasting   | 3 4 5 6 7 8 |  8.0
Transmutations | 1 2 3 4 6 7 |  7.0
Armour         | 1 |  1.0
Conjurations   | 2 3 4 6 8 9 |  9.1
Maces & Flails | 2 |  2.0
Ice Magic      | 2 |  2.0

Action                   |  1- 3 |  4- 6 |  7- 9 | 10-12 || total
-------------------------+-------+-------+-------+-------++-------
Melee: Unarmed           |     3 |       |       |       ||     3
       Short sword       |   107 |    25 |       |       ||   132
       Flail             |       |    37 |    39 |       ||    76
       Dagger            |       |     1 |    16 |       ||    17
       Morningstar       |       |       |    16 |    41 ||    57
 Cast: Sandblast         |     9 |    86 |   186 |    60 ||   341
       Stone Arrow       |       |       |    44 |   123 ||   167
       Searing Ray       |       |       |       |    22 ||    22
       Petrify           |       |       |       |     8 ||     8
  Use: Scroll            |       |     6 |     6 |     9 ||    21
       Potion            |       |       |       |     1 ||     1
 Stab: Sleeping          |     3 |     5 |     1 |       ||     9
       Petrified         |       |       |       |     5 ||     5
Armor: Robe              |    57 |    32 |    79 |    61 ||   229
Dodge: Dodged            |    85 |    63 |    95 |    77 ||   320

Table legend: (Time is in decaauts)
 A = Elapsed time spent in this place.
 B = Non-inter-level travel time spent in this place.
 C = Inter-level travel time spent in this place.
 D = Time resting spent in this place.
 E = Time spent auto-exploring this place.
 F = Levels seen in this place.
 G = Mean time per level.
                   A        B        C        D        E       F      G
               +--------+--------+--------+--------+--------+-----+--------+
         Total |  15556 |  15013 |    543 |   3380 |   9214 |  13 | 1196.6 |
       Dungeon |  15531 |  14995 |    536 |   3380 |   9214 |  12 | 1294.2 |
        Temple |     24 |     17 |      7 |      0 |      0 |   1 |   24.0 |
               +--------+--------+--------+--------+--------+-----+--------+

Top non-repeatable levels by time:
    D:10: 2338 daAuts
     D:5: 1639 daAuts
     D:9: 1574 daAuts
     D:8: 1527 daAuts
     D:3: 1508 daAuts
     D:6: 1404 daAuts
    D:12: 1199 daAuts
     D:1: 1173 daAuts
    D:11: 1128 daAuts
     D:7: 780 daAuts
     D:2: 703 daAuts
     D:4: 551 daAuts
  Temple: 24 daAuts
